 Dungeon Crawl Stone Soup version 0.28-a0-1199-gef9e1dbd39 (webtiles) character file.

Game seed: 17239109875724671986

814 ChaosChampion the Insei (level 7, -1/58 HPs)
             Began as a White Draconian Transmuter on Dec 19, 2021.
             Succumbed to a gnoll sergeant's poison
             ... on level 5 of the Dungeon.
             The game lasted 00:07:54 (6524 turns).

ChaosChampion the Insei (DrTm)                      Turns: 6524, Time: 00:07:55

Health: -1/58      AC:  6    Str:  9 (12) XL:     7   Next: 62%
Magic:  9/11       EV: 12    Int: 12 (15) God:
Gold:   204        SH:  0    Dex:  9 (12) Spells: 2/12 levels left

rFire   . . .      SeeInvis .     - Unarmed
rCold   + . .      Faith    .   (no shield)
rNeg    . . .      Spirit   .   (armour unavailable)
rPois   .          Reflect  .   (helmet currently unavailable)
rElec   .          Harm     .   (no cloak)
rCorr   .          Rampage  .   (no gloves)
Will    .....                   (boots currently unavailable)
Stlth   +.........              (no amulet)
HPRegen 0.19/turn               (no ring)
MPRegen 0.12/turn               (no ring)

@: lethally poisoned (-1 -> -25), short of breath, appendages (expiring),
wereblooded
A: horns 2, talons 2, breathe frost, AC +6, unfitting armour, cold resistance 1,
cold-blooded
a: Breathe Frost, End Transformation


You were on level 5 of the Dungeon.
You had temporarily grown beastly horns and talons.
You visited 1 branch of the dungeon, and saw 5 of its levels.

You collected 204 gold pieces.

Inventory:

Missiles
 d - 5 atropa-tipped darts
Magical Staves
 l - a staff of fire
Wands
 i - a wand of polymorph (10)
 j - a wand of paralysis (3)
Scrolls
 b - 3 scrolls of identify
 g - 2 scrolls of teleportation
 h - 2 scrolls of enchant armour
Potions
 a - 2 potions of haste
 e - a potion of brilliance {unknown}
 f - 2 potions of attraction {unknown}
 k - a potion of lignification {unknown}


   Skills:
 + Level 3.9 Fighting
 + Level 3.6 Dodging
 * Level 5.8 Unarmed Combat
 + Level 3.0 Spellcasting
 + Level 3.9 Transmutations
 * Level 2.2 Ice Magic


You had 2 spell levels left.
You knew the following spells:

 Your Spells              Type           Power      Damage    Failure   Level
a - Beastly Appendage     Tmut           22%        N/A       4%          1
b - Wereblood             Tmut           11%        N/A       8%          2
c - Spider Form           Tmut/Pois      6%         N/A       32%         3
d - Ice Form              Ice/Tmut       9%         N/A       56%         4

Your spell library contained the following spells:

 Spells                   Type           Power      Damage    Failure   Level
 Passwall                 Tmut/Erth      5%         N/A       17%         2
 Sandblast                Erth           2%         2d4       24%         1
 Stone Arrow              Conj/Erth      2%         3d7       58%         3


Dungeon Overview and Level Annotations

Branches:
Dungeon (5/15)
 Temple: D:4-7

Altars:
Sif Muna


Innate Abilities, Weirdness & Mutations

You have temporarily grown beastly horns and talons.
You can breathe waves of freezing cold which knock back foes.
Your icy white scales are hard. (AC +6)
You cannot fit into any form of body armour.
Your flesh is cold resistant. (rC+)
You are cold-blooded and may be slowed by cold attacks.


Message History

You kill the gnoll!
The gnoll sergeant barely misses you.
The gnoll sergeant hits you with a +0 trident of venom!
You are poisoned.
You see here a +0 spear.
You barely miss the gnoll sergeant. Your kick misses the gnoll sergeant.
The gnoll sergeant is moderately wounded.
You feel very sick.
You hit the gnoll sergeant.
The gnoll sergeant is heavily wounded.
You feel very sick.
The gnoll sergeant hits you but does no damage.
You are more poisoned.
You closely miss the gnoll sergeant.
The gnoll sergeant is heavily wounded.
You feel very sick.
The gnoll sergeant hits you with a +0 trident of venom.
You are more poisoned.
You hit the gnoll sergeant.
Your headbutt misses the gnoll sergeant.
The gnoll sergeant is heavily wounded.
Your transformation is almost over.
You feel very sick.
The gnoll sergeant hits you with a +0 trident of venom.
You are lethally poisoned!
You are too injured to fight recklessly!
You are too injured to fight recklessly!
You feel extremely sick.
The gnoll sergeant hits you from afar with a +0 trident of venom.
You are more poisoned.
* * * LOW HITPOINT WARNING * * *
You feel extremely sick.
You howl as the wereblood boils in your veins!
* * * LOW HITPOINT WARNING * * *
You feel extremely sick.
You can't do that yet.
It was a potion of degeneration.
There was something very wrong with that liquid.
You feel weakened.
You feel dopey.
You feel clumsy.
You die...

#.# # ..# ##### ### #..#
#...####.. #..# ##........
#...######.###..#
#............#.##
..#########.#.#######......
.....g.gg.@...........[....
..########.##.##########.#.
##..##.#....# ##...
##..###.#....####...# ##..##
#.#..........## #..##
#.#....#..####
####.######.#....#.######
.##....#...................
.....................#....##


You could see a gnoll sergeant and 2 gnolls.

Vanquished Creatures
  A black bear (D:5)
  A sky beast (D:5)
  An ogre (D:5)
  A phantom (D:5)
  A hound (D:4)
  3 jellies
  2 iguanas
  3 hound zombies (D:5)
  A hound skeleton (D:5)
  6 gnolls
  7 adders
  A worm (D:2)
  3 dart slugs
  9 orcs
  15 endoplasms
  11 giant cockroaches
  8 goblins
  5 hobgoblins
  3 jackals (D:2)
  17 kobolds
  A quokka (D:1)
  4 ball pythons
  6 bats
  5 frilled lizards
  8 rats
123 creatures vanquished.

Vanquished Creatures (others)
  6 fungi (D:2)
  8 toadstools (D:2)
14 creatures vanquished.

Grand Total: 137 creatures vanquished

Notes
Turn   | Place    | Note
-------+----------+-------------------------------------------
     0 | D:1      | ChaosChampion the Draconian Transmuter began the quest for
                  | the Orb.
     0 | D:1      | Reached XP level 1. HP: 16/16 MP: 3/3
   120 | D:1      | Reached XP level 2. HP: 14/23 MP: 3/5
   420 | D:1      | Learned a level 2 spell: Wereblood
   615 | D:1      | Reached XP level 3. HP: 17/29 MP: 6/6
   763 | D:1      | Found a faded altar of an unknown god.
  1741 | D:2      | Reached XP level 4. HP: 35/36 MP: 3/7
  1816 | D:2      | Reached skill level 4 in Unarmed Combat
  2493 | D:2      | Reached XP level 5. HP: 17/42 MP: 6/8
  3108 | D:2      | Learned a level 3 spell: Spider Form
  4647 | D:4      | Reached XP level 6. HP: 44/51 MP: 5/9
  4904 | D:5      | Entered Level 5 of the Dungeon
  4904 | D:5      | Noticed a sky beast
  5253 | D:5      | Reached skill level 5 in Unarmed Combat
  5475 | D:5      | Killed a sky beast
  5476 | D:5      | Your scales start taking on an icy white colour.
  5476 | D:5      | Reached XP level 7. HP: 26/57 MP: 4/11
  5476 | D:5      | Gained mutation: Your flesh is cold resistant. (rC+) [White
                  | Draconian growth]
  5481 | D:5      | Learned a level 4 spell: Ice Form
  5745 | D:5      | Reached skill level 1 in Ice Magic
  6293 | D:5      | Found a shimmering blue altar of Sif Muna.
  6524 | D:5      | Succumbed to a gnoll sergeant's poison

Illustrated notes

Levels and vault maps discovered:
D:1:      giann_bridges, layout_rooms, ebering_ecumenical_altar_sacrificial
D:2:      cheibrodos_fertilizer, layout_basic
D:3:      layout_loops_ring
D:4:      layout_rooms
D:5:      layout_rooms, nicolae_sif_muna_condensation

Skill      XL: |  1  2  3  4  5  6  7 |
---------------+----------------------+-----
Dodging        | 2 3 |  3.6
Fighting       | 2 3 |  3.9
Unarmed Combat | 4 5 |  5.8
Transmutations | 3 |  3.9
Ice Magic      | 2 |  2.2
Spellcasting   | 3 |  3.0

Action                   |  1- 3 |  4- 6 |  7- 9 || total
-------------------------+-------+-------+-------++-------
Melee: Unarmed           |   149 |   175 |    65 ||   389
       Kick              |    20 |    35 |     4 ||    59
       Tailslap          |    15 |    14 |     3 ||    32
       Headbutt          |     8 |    18 |     6 ||    32
       Punch             |     5 |     2 |     2 ||     9
 Cast: Beastly Appendage |    17 |    34 |     9 ||    60
       Wereblood         |     5 |    18 |     5 ||    28
 Abil: Breathe Frost     |       |       |     7 ||     7
  Use: Scroll            |       |     6 |       ||     6
       Potion            |       |       |     1 ||     1
Armor: Skin              |    63 |    46 |    21 ||   130
Dodge: Dodged            |   111 |    79 |    39 ||   229

Table legend: (Time is in decaauts)
 A = Elapsed time spent in this place.
 B = Non-inter-level travel time spent in this place.
 C = Inter-level travel time spent in this place.
 D = Time resting spent in this place.
 E = Time spent auto-exploring this place.
 F = Levels seen in this place.
 G = Mean time per level.
                   A        B        C        D        E       F      G
               +--------+--------+--------+--------+--------+-----+--------+
         Total |   6513 |   6383 |    130 |    950 |   4279 |   5 | 1302.6 |
       Dungeon |   6513 |   6383 |    130 |    950 |   4279 |   5 | 1302.6 |
               +--------+--------+--------+--------+--------+-----+--------+

Top non-repeatable levels by time:
     D:2: 1941 daAuts
     D:1: 1351 daAuts
     D:3: 1111 daAuts
     D:4: 1110 daAuts
     D:5: 998 daAuts
